Match 37475458
Unlisted

Match 37475458
End
Royal Engineer Section
Selects Australian Defense Battlegroup
Selects Australian Light Infantry Section
Australian Light Infantry Section
Australian Light Infantry Section
Construct Section Command Post
Infantry Section
Construct Platoon Command Post
CMP 15cwt Truck
Selects CMP 15cwt Supply Run
CMP 15cwt Supply Run
6-pounder Anti-tank Gun Team
Infantry Training
6-pounder Anti-tank Gun Team
Infantry Section
Construct Company Command Post
Selects Defensive Tactics
Matilda II Heavy Tank
Royal Engineer Section
CMP 15cwt Truck
Selects Reinforced Resource Caches
Selects Archer Tank Destroyer
Archer Tank Destroyer
Team Weapon Training
Foot Guards Section
Rather Splendid Cromwell
GreyFox_13
flyingpancake
Turtleboy
0
0

Comments sign in to comment!

No comments posted yet!